 Dungeon Crawl Stone Soup version 0.26-b1-32-g5d43845318 (webtiles) character file.

Game seed: 4542114355326548659

335 MTVSty1e the Chopper (level 6, -2/57 HPs)
             Began as a Minotaur Fighter on Jan 9, 2021.
             Slain by a gnoll
             ... wielding a +0 halberd
              (8 damage)
             ... on level 3 of the Dungeon.
             The game lasted 00:02:38 (2080 turns).

MTVSty1e the Chopper (Minotaur Fighter)             Turns: 2080, Time: 00:02:40

Health: -2/57      AC:  6    Str: 22    XL:     6   Next: 28%
Magic:  5/5        EV:  7    Int:  5    God:
Gold:   96         SH:  9    Dex: 10    Spells: 5/5 levels left

rFire    . . .     SeeInvis .   a - +0 war axe
rCold    . . .     Faith    .   c - +0 kite shield
rNeg     . . .     Spirit   .   b - +0 scale mail
rPois    .         Reflect  .   (helmet restricted)
rElec    .         Harm     .   (no cloak)
rCorr    .         Rampage  .   (no gloves)
Will     .....                  (no boots)
Stlth    ..........             (no amulet)
HPRegen  0.19/turn              (no ring)
MPRegen  0.09/turn              (no ring)

@: no status effects
A: retaliatory headbutt, horns 2
a: no special abilities


You were on level 3 of the Dungeon.
You visited 1 branch of the dungeon, and saw 3 of its levels.

You collected 96 gold pieces.

Inventory:

Hand Weapons
 a - a +0 war axe (weapon)
Armour
 b - a +0 scale mail (worn)
 c - a +0 kite shield (worn)
Jewellery
 i - an uncursed amulet of faith
 l - an uncursed amulet of magic regeneration
Scrolls
 g - 5 scrolls of identify
Potions
 d - a potion of might
 f - a potion of brilliance {unknown}
 h - 2 potions of invisibility {unknown}
 j - 2 potions of heal wounds {unknown}
 m - 2 potions of lignification {unknown}
 n - a potion of magic {unknown}


   Skills:
 + Level 5.7 Fighting
 * Level 6.7 Axes
 - Level 3.6 Armour
 - Level 3.6 Shields


You had 5 spell levels left.
You didn't know any spells.
Your spell library was empty.

Dungeon Overview and Level Annotations

Branches:
Dungeon (3/15)

Altars:
Ashenzari
Hepliaklqana
Yredelemnul


Innate Abilities, Weirdness & Mutations

You reflexively headbutt those who attack you in melee.
You have a pair of horns on your head.


Message History

The gnoll hits you from afar with a +0 halberd.
The gnoll hits you with a +0 halberd!
* * * LOW HITPOINT WARNING * * *
Things that are here:
a +0 spear; a gnoll corpse You barely miss the gnoll.
Your headbutt misses the gnoll. The gnoll hits you but does no damage.
Unknown command.
You barely miss the gnoll. The gnoll hits you with a +0 halberd!
* * * LOW HITPOINT WARNING * * *
You slash the gnoll!
The gnoll is severely wounded.
The gnoll barely misses you.
You barely miss the gnoll. Your headbutt misses the gnoll.
The gnoll is severely wounded.
You block the gnoll's attack.
You closely miss the gnoll. Your headbutt misses the gnoll.
The gnoll is severely wounded.
The gnoll hits you with a +0 halberd!
You die...

.# .# .# .#
.# .#
######.#.##
#..<)@g...#
#.####.####
# ... ####


You could see a gnoll.

Vanquished Creatures
  Sigmund (D:2)
  Natasha (D:2)
  7 gnolls
  An adder (D:2)
  An ooze (D:1)
  2 worms (D:2)
  A dart slug (D:2)
  3 leopard geckos
  6 bats
  4 giant cockroaches
  12 goblins
  5 hobgoblins
  2 jackals (D:2)
  5 kobolds
  A quokka (D:2)
  A ball python (D:2)
  4 frilled lizards (D:2)
  5 rats
62 creatures vanquished.

Notes
Turn   | Place    | Note
-------+----------+-------------------------------------------
     0 | D:1      | MTVSty1e the Minotaur Fighter began the quest for the Orb.
     0 | D:1      | Reached XP level 1. HP: 19/19 MP: 0/0
    38 | D:1      | Reached skill level 3 in Axes
   114 | D:1      | Reached XP level 2. HP: 26/27 MP: 1/1
   497 | D:1      | Reached XP level 3. HP: 32/33 MP: 2/2
   982 | D:2      | Reached skill level 4 in Axes
  1052 | D:2      | Found a broken altar of Ashenzari.
  1093 | D:2      | Found a hazy altar of Hepliaklqana.
  1216 | D:2      | Noticed Natasha
  1221 | D:2      | Killed Natasha
  1222 | D:2      | Reached XP level 4. HP: 37/41 MP: 3/3
  1299 | D:2      | Reached skill level 5 in Axes
  1376 | D:2      | Found a basalt altar of Yredelemnul.
  1452 | D:2      | Reached XP level 5. HP: 47/47 MP: 4/4
  1459 | D:2      | Found a broken altar of Ashenzari.
  1469 | D:2      | Noticed Sigmund
  1491 | D:2      | Killed Sigmund
  1492 | D:2      | Reached skill level 5 in Fighting
  1492 | D:2      | Reached skill level 6 in Axes
  1492 | D:2      | Reached XP level 6. HP: 31/56 MP: 5/5
  2080 | D:3      | Slain by a gnoll

Illustrated notes

Levels and vault maps discovered:
D:1:      minmay_arrival_stone_box, layout_basic
D:2:      layout_loops_cross, lemuel_coloured_pillars_altar,
          general_overflow_altar, evilmike_ruin_ashenzari,
          chequers_serial_rivers_large_a, minmay_hexomino_r4, uniq_natasha,
          uniq_sigmund
D:3:      layout_basic, lemuel_doored_altar, chequers_ecumenical_altar_lobes,
          gup_sewer_entry_spiral

Skill      XL: |  1  2  3  4  5 |
---------------+----------------+-----
Axes           | 3 4 5 6 |  6.7
Fighting       | 4 5 |  5.7
Armour         | |  3.6
Shields        | |  3.6

Action                   |  1- 3 |  4- 6 || total
-------------------------+-------+-------++-------
Melee: War axe           |    98 |    61 ||   159
       Headbutt          |     8 |    10 ||    18
  Use: Scroll            |       |     3 ||     3
Armor: Scale mail        |    34 |    24 ||    58
Dodge: Dodged            |    37 |    10 ||    47
Block: Kite shield       |    54 |    23 ||    77
